 Dungeon Crawl Stone Soup version 0.18-a0-1577-gf591c28 (webtiles) character file.

137 M4edhros the Digger (level 5, -3/24 HPs)
             Began as a Vine Stalker Earth Elementalist on Mar 19, 2016.
             Slain by a river rat (7 damage)
             ... in a sewer.
             The game lasted 00:04:34 (1231 turns).

M4edhros the Digger (VSEE)                          Turns: 1231, Time: 00:04:35

Health: -3/24      AC:  0    Str: 11    XL:     5   Next: 20%
Magic:  0/9        EV: 12    Int: 16    God:
Gold:   38         SH:  0    Dex: 14    Spells: 2 memorised, 4 levels left

rFire  . . .     SeeInvis .     g - +0 war axe (chop)
rCold  . . .     Gourm    .     a - +0 robe
rNeg   . . .     Faith    .     (no shield)
rPois  .         Spirit   +     (no helmet)
rElec  .         Dismiss  .     (no cloak)
rCorr  .         Reflect  .     (no gloves)
SustAt .         Harm     .     (no boots)
MR     .....                    (no amulet)
Stlth  ++........               (no ring)
                                e - -2 ring of protection (curse)

@: not resistant to hostile enchantments, unstealthy
A: fangs 2, regeneration 1, magic shield, antimagic bite, no device heal 3, rot
immunity
a: no special abilities


You were in a sewer.
You were not hungry.

You visited 1 branch of the dungeon, and saw 3 of its levels.
You also visited: Sewer.

You collected 38 gold pieces.

Inventory:

Hand Weapons
 f - a +0 whip
 g - a +0 war axe of chopping (weapon)
Missiles
 b - 64 stones (quivered)
Armour
 a - a +0 robe (worn)
Jewellery
 e - a cursed -2 ring of protection (left hand)
Scrolls
 i - a scroll of enchant armour {unknown}
 k - a scroll of remove curse {unknown}
 l - a scroll of noise {unknown}
 m - a scroll of fog {unknown}
 n - a scroll of identify {unknown}
 o - a scroll of enchant weapon {unknown}
 r - a scroll of fear {unknown}
Books
 c - a book of Geomancy

   Spells                             Type                      Level
   a - Sandblast                      Earth                        1
   b - Passwall                       Transmutation/Earth          2
   c - Stone Arrow                    Conjuration/Earth            3
   d - Petrify                        Transmutation/Earth          4
   e - Lee's Rapid Deconstruction     Earth                        5
Comestibles
 d - 2 bread rations
 p - 6 chunks of flesh


   Skills:
 - Level 1.5 Dodging
 + Level 3.4 Stealth
 - Level 2.1 Spellcasting
 * Level 1.6 Conjurations
   Level 1.0 Transmutations
 * Level 5.0 Earth Magic


You had 4 spell levels left.
You knew the following spells:

 Your Spells              Type           Power        Failure   Level  Hunger
a - Sandblast             Erth           ###...       2%          1    #......
b - Stone Arrow           Conj/Erth      ##....       17%         3    ###....


Dungeon Overview and Level Annotations

Branches:
Dungeon (3/15)

Altars:
The Shining One


Innate Abilities, Weirdness & Mutations

You have extremely sharp teeth.
Your natural rate of healing is unusually fast.
When hurt, damage is shared between your health and your magic reserves.
Your bite disrupts and absorbs the magic of your enemies.
Potions and wands cannot restore your health.
You are immune to rotting.


Message History

You hit the river rat but do no damage. The river rat closely misses you. x2
You hit the river rat but do no damage. The river rat barely misses you.
You closely miss the river rat.
You bite the river rat, but do no damage.
The river rat misses you.
The rat twitches its whiskers.
The river rat bites you!
You barely miss the river rat. The river rat bites you.
You slash the river rat!
You kill the river rat!
Your Earth Magic skill increases to level 5!
The river rat bites you!
You aren't carrying any potions.
You hit the river rat.
You bite the river rat, but do no damage.
The river rat is severely wounded.
The river rat bites you!
* * * LOW HITPOINT WARNING * * *
The river rat bites you!
You die...

#. ... #.# #.# #r# #r#
#r##
######@################
.≈.≈..≈≈.≈†≈≈≈≈≈≈≈.≈≈.≈.
.≈≈≈≈≈..≈.≈≈≈≈≈≈≈≈≈≈..≈.
########################


You could see a river rat and 2 rats.

Vanquished Creatures
  9 adders
  A river rat (Sewer)
  2 dart slugs
  3 ball pythons
  2 bats
  6 giant cockroaches
  2 goblins (D:1)
  7 hobgoblins
  2 jackals (D:1)
  3 kobolds
  4 giant newts
  8 rats
49 creatures vanquished.

Notes
Turn   | Place    | Note
--------------------------------------------------------------
     0 | D:1      | M4edhros the Vine Stalker Earth Elementalist began the quest for the Orb.
     0 | D:1      | Reached XP level 1. HP: 9/9 MP: 4/4
    50 | D:1      | Reached XP level 2. HP: 5/13 MP: 3/6
   365 | D:1      | Reached skill level 4 in Earth Magic
   365 | D:1      | Reached XP level 3. HP: 7/16 MP: 5/7
   622 | D:2      | Learned a level 3 spell: Stone Arrow
   736 | D:2      | You fall through a shaft!
   757 | D:3      | Reached XP level 4. HP: 21/21 MP: 8/8
   905 | D:3      | Reached skill level 1 in Conjurations
   984 | D:3      | Found a glowing golden altar of the Shining One.
  1095 | D:3      | Found a glowing drain.
  1144 | D:3      | Reached XP level 5. HP: 6/24 MP: 6/9
  1189 | Sewer    | Entered a sewer
  1230 | Sewer    | Reached skill level 5 in Earth Magic
  1231 | Sewer    | Slain by a river rat

Vault maps used:
D:1:      saegor_arrival_under_anarchy
D:2:      serial_forest, infiniplex_forest_clump_diagonal,
          infiniplex_forest_diagonal, infiniplex_forest_corner_1,
          infiniplex_forest_corner_1, infiniplex_forest_lined_room_,
          minmay_item_behind_shaft
D:3:      tso_metal_star, gup_sewer_entry_glass, grunt_ministairs_2,
          minmay_misc_feat_room, corner_web_ring
Sewer:    sewer_co_cracked_pipes

Skill      XL: |  1  2  3  4  5 |
---------------+----------------+-----
Earth Magic    | 4 5 |  5.0
Stealth        | 3 |  3.4
Conjurations   | 1 |  1.6
Dodging        | |  1.5
Spellcasting   | |  2.1
Transmutations | |  1.0

Action                   |  1- 3 |  4- 6 || total
-------------------------+-------+-------++-------
Melee: Whip              |    93 |       ||    93
       War axe           |    10 |    48 ||    58
  Use: Potion            |       |     3 ||     3
 Stab: Sleeping          |     5 |     5 ||    10
  Eat: Chunk             |       |     2 ||     2
